 Dungeon Crawl Stone Soup version 0.25-a0-578-gc91f01c (webtiles) character file.

Game seed: 7456198940351844947, levelgen mode: deterministic

34 15 the Chopper (level 3, 24/27 HPs)
             Began as a Demonspawn Gladiator on Mar 3, 2020.
             Quit the game on level 2 of the Dungeon.
             The game lasted 00:03:40 (952 turns).

15 the Chopper (Demonspawn Gladiator)                Turns: 952, Time: 00:03:41

Health: 24/27      AC:  4    Str: 14    XL:     3   Next: 14%
Magic:  4/4        EV: 13    Int: 10    God:
Gold:   49         SH:  0    Dex: 14    Spells: 4/4 levels left

rFire    . . .     SeeInvis .   a - +0 war axe
rCold    . . .     Gourm    .   (no shield)
rNeg     . . .     Faith    .   b - +0 leather armour
rPois    .         Spirit   .   c - +0 helmet
rElec    .         Reflect  .   (no cloak)
rCorr    .         Harm     .   (no gloves)
MR       .....                  (no boots)
Stlth    +.........             (no amulet)
HPRegen  0.09/turn              (no ring)
MPRegen  0.09/turn              (no ring)

@: no status effects
A: talons 2
a: no special abilities


You were on level 2 of the Dungeon.
You were not hungry.

You visited 1 branch of the dungeon, and saw 2 of its levels.

You collected 49 gold pieces.

Inventory:

Hand Weapons
 a - a +0 war axe (weapon)
Missiles
 d - 3 throwing nets
 k - 28 poisoned darts (quivered)
Armour
 b - a +0 leather armour (worn)
 c - a +0 helmet (worn)
Scrolls
 g - a scroll of immolation {unknown}
 i - a scroll of amnesia {unknown}
 m - a scroll of enchant weapon {unknown}
 n - a scroll of fog
Potions
 e - 2 potions of lignification
 j - a potion of heal wounds {unknown}
 o - a potion of ambrosia {unknown}
Comestibles
 f - 3 rations
 h - 3 chunks of flesh


   Skills:
 * Level 2.3 Fighting
 + Level 3.1 Axes
 * Level 2.0 Throwing
 * Level 0.3 Armour
 + Level 2.9 Dodging
 * Level 1.0 Spellcasting


You had 4 spell levels left.
You didn't know any spells.
Your spell library was empty.

Dungeon Overview and Level Annotations

Branches:
Dungeon (2/15)

Altars:


Innate Abilities, Weirdness & Mutations

You have razor-sharp toenails.


Message History

k - 24 poisoned darts (gained 1)
Found 14 sling bullets.
k - 26 poisoned darts (gained 2)
k - 27 poisoned darts (gained 1)
k - 28 poisoned darts (gained 1)
You now have 49 gold pieces (gained 9).
p - a scroll labeled ACORRORUERCH Some of the chunks of flesh in your inventory have rotted away.
Found a runed robe.
A kobold comes into view. It is wielding a +0 club.
You see here a brown potion.
As you read the scroll labeled SICUD OCASETU, it crumbles to dust.
The scroll dissolves into smoke.
It was a scroll of fog.
Unknown command.
As you read the scroll labeled ACORRORUERCH, it crumbles to dust.
You feel blessed for a moment.
It was a scroll of remove curse.
As you read the scroll labeled XACLOX UXKEH, it crumbles to dust.
It is a scroll of identify.
e - 2 potions of lignification Are you sure you want to abandon this character and quit the game? (Confirm with "yes".)

#.#.........#.#
...####...####.# ####
#....÷).....####.## #
#.##...###.........
######.###.####..#######
........##....#..#
.####....#..#..§§##
.......8...###.#§§#
........÷...#..#@§#
....<....##...##§§#
.....##..###...§§§§.
.....##.## #####..##.8
....###.# #..# .8. ##.##
#.# #..# P. ##.## #.#
#K.# # #.#.###.# #..#
.###....#


There were no monsters in sight!

Vanquished Creatures
  A dart slug (D:1)
  2 leopard geckos
  5 bats
  A bat zombie (D:1)
  A giant cockroach (D:1)
  6 goblins (D:1)
  A hobgoblin (D:1)
  2 jackals (D:1)
  A giant cockroach zombie (D:1)
  2 kobolds
  6 rats (D:1)
28 creatures vanquished.

Notes
Turn   | Place    | Note
-------+----------+-------------------------------------------
     0 | D:1      | 15 the Demonspawn Gladiator began the quest for the Orb.
     0 | D:1      | Reached XP level 1. HP: 16/16 MP: 1/1
    76 | D:1      | Gained mutation: You have sharp toenails. [demonic
                  | ancestry]
    76 | D:1      | Reached XP level 2. HP: 9/22 MP: 2/2
   605 | D:1      | Reached skill level 3 in Axes
   725 | D:1      | Gained mutation: You have razor-sharp toenails. [demonic
                  | ancestry]
   725 | D:1      | Reached XP level 3. HP: 19/27 MP: 2/4
   900 | D:2      | Reached skill level 1 in Spellcasting
   952 | D:2      | Quit the game

Levels and vault maps discovered:
D:1:      saegor_arrival_fortress, layout_basic
D:2:      layout_loops_ring, gammafunk_temple_overflow_pools, serial_undead,
          serial_undead_a, serial_undead_e, serial_undead_e, serial_undead_c,
          first_ration, chequers_ecumenical_altar_simple, uniq_terence

Skill      XL: |  1  2  3 |
---------------+----------+-----
Throwing       | 2 |  2.0
Axes           | 3 |  3.1
Spellcasting   | 1 |  1.0
Fighting       | |  2.3
Armour         | |  0.3
Dodging        | |  2.9

Action                   || total
-------------------------++-------
Melee: War axe           ||    47
       Kick              ||     7
Throw: Dart              ||    18
  Use: Scroll            ||     3
 Stab: Sleeping          ||     1
Armor: Leather armour    ||    29
Dodge: Dodged            ||    52

Table legend:
 A = Non-vault XP
 B = Vault XP
 C = Vault XP percentage of total XP
 D = Non-vault monster count
 E = Vault monster count
 F = Vault count percentage of total count
                 A         B        C        D         E       F
            +---------+---------+-------+---------+---------+-------
      Total |      46 |       3 |   6.1 |      26 |       2 |   7.1
            +---------+---------+-------+---------+---------+-------
        D:1 |      39 |       3 |   7.1 |      23 |       2 |   8.0
        D:2 |       7 |       0 |   0.0 |       3 |       0 |   0.0
            +---------+---------+-------+---------+---------+-------
